 Dungeon Crawl Stone Soup version 0.29.1-2-gbd0b4ee654 (webtiles) character file.

Game seed: 1878278242813372609

6009 qeuew the Covert (level 10, 0/43 (44) HPs)
             Began as a Spriggan Enchanter on Nov 11, 2022.
             Was an Initiate of Gozag.
             Slain by a centaur warrior
             ... wielding a +2 whip of electrocution
              (8 damage)
             ... on level 8 of the Dungeon.
             The game lasted 00:27:42 (10390 turns).

qeuew the Covert (Spriggan Enchanter)              Turns: 10390, Time: 00:27:45

HP:   0/43 (44)     AC:  3    Str:  4    XL:     10   Next: 56%
MP:   19/24         EV: 28    Int: 24    God:    Gozag
Gold: 150           SH:  0    Dex: 19    Spells: 19/27 levels left

rFire   . . .      SeeInvis +   a - +1 dagger (flame)
rCold   . . .      Faith    .   (no shield)
rNeg    . . .      Spirit   .   b - +1 robe
rPois   .          Reflect  .   (helmet restricted)
rElec   .          Harm     .   (no cloak)
rCorr   .          Rampage  .   (gloves unavailable)
Will    +....                   (boots unavailable)
Stlth   +++++.....              (no amulet)
HPRegen 0.14/turn               n - +4 ring of evasion
MPRegen 0.19/turn               j - +6 ring of intelligence

@: lightly drained, very quick
A: very small, no large weapons, unfitting armour, see invisible, speed 3,
screaming 1
a: Renounce Religion, Potion Petition, Call Merchant, Bribe Branch


You were on level 8 of the Dungeon.
You worshipped Gozag.
Gozag was aware of your devotion.
You visited 1 branch of the dungeon, and saw 8 of its levels.

You collected 2191 gold pieces.
You spent 213 gold pieces at shops.
You paid 1828 gold pieces to Gozag.

Inventory:

Hand Weapons
 a - a +1 dagger of flaming (weapon)
 l - a +2 short sword of venom
Missiles
 h - a throwing net
Armour
 b - a +1 robe (worn)
Jewellery
 j - a +6 ring of intelligence (right hand)
 n - a +4 ring of evasion (left hand)
 q - the ring of the Morning {Fly rElec rPois rC+}
   (You found it on level 7 of the Dungeon)

   [ring of flight]

   rC:        It protects you from cold.
   rElec:     It insulates you from electricity.
   rPois:     It protects you from poison.
   Fly:       It grants you flight.
Wands
 t - a wand of charming (9)
 u - a wand of polymorph (8)
Scrolls
 c - a scroll of torment {unknown}
 d - a scroll of teleportation
 e - a scroll of magic mapping
 k - a scroll of fog
 p - a scroll of identify
 s - 2 scrolls of amnesia
Potions
 f - 2 potions of resistance
 g - a potion of haste
 i - 4 potions of heal wounds
 m - 2 potions of flight
 o - a potion of brilliance
 r - a potion of curing


   Skills:
 + Level 7.9 Short Blades
 + Level 9.7 Dodging
 + Level 11.9 Stealth
 + Level 9.0 Spellcasting
 + Level 9.3 Hexes


You had 19 spell levels left.
You knew the following spells:

 Your Spells              Type           Power      Damage    Failure   Level
a - Ensorcelled Hibernat  Hex/Ice        66%        N/A       1%          2
b - Confusing Touch       Hex            54%        N/A       1%          3
c - Tukima's Dance        Hex            54%        N/A       1%          3

Your spell library contained the following spells:

 Spells                   Type           Power      Damage    Failure   Level
 Slow                     Hex            100%       N/A       1%          1
 Dazzling Flash           Conj/Hex       66%        N/A       2%          3
 Blink                    Tloc           20%        N/A       9%          2
 Ignite Poison            Fire/Tmut/Pois 10%        N/A       17%         3
 Lesser Beckoning         Tloc           10%        N/A       17%         3
 Mephitic Cloud           Conj/Pois/Air  10%        N/A       17%         3
 Vampiric Draining        Necr           10%        2d6       17%         3
 Freezing Cloud           Conj/Ice/Air   5%         6-21      85%         5
 Iskenderun's Battlesphe  Conj           10%        2d6       85%         5
 Manifold Assault         Tloc           10%        N/A       85%         5
 Iron Shot                Conj/Erth      5%         9d2       100%        6
 Spellforged Servitor     Conj/Summ      5%         N/A       100%        7


Dungeon Overview and Level Annotations

Branches:
Dungeon (8/15)             Temple (0/1) D:6
   Lair: D:8-11

Altars:
Dithmenos
Fedhas
Gozag
Hepliaklqana
Kikubaaqudgha
Nemelex Xobeh
Zin
The Shining One

Shops:
D:3 (   D:5 *!


Innate Abilities, Weirdness & Mutations

You are very small and have problems with some larger weapons.
You are too small for most types of armour.
You have supernaturally acute eyesight. (SInv)
You cover ground extremely quickly. (Speed+++)
You occasionally shout uncontrollably at your foes.


Message History

You feel yourself speed up.
You start resting.
You recover from your berserk rage.
You start resting.
HP restored.
You climb downwards.
The centaur warrior shoots an arrow.
The arrow hits you!
The centaur warrior shoots an arrow.
The arrow completely misses you.
The centaur warrior shoots an arrow.
The arrow hits you!!
Ouch! That really hurt!
* * * LOW HITPOINT WARNING * * *
There is a stone staircase leading up, spattered with blood here.
Unknown command.
Aiming: Ensorcelled Hibernation (safe; 1% risk of failure)
Press: ? - help, Q - select action, (/) - cycle Shift-Dir - straight line, f - centaur warrior
Aim: a centaur warrior, wielding a +0 shortbow and wearing an amulet of the acrobat (chance to affect: 45%)
Okay, then.
Aiming: Ensorcelled Hibernation (safe; 1% risk of failure)
Press: ? - help, Q - select action, (/) - cycle Shift-Dir - straight line, f - centaur warrior
Aim: a centaur warrior, wielding a +0 shortbow and wearing an amulet of the acrobat (chance to affect: 45%)
The centaur warrior resists with some effort.
The centaur warrior shoots an arrow.
The arrow completely misses you.
Aiming: Ensorcelled Hibernation (safe; 1% risk of failure)
Press: ? - help, Q - select action, (/) - cycle Shift-Dir - straight line, f/p - centaur warrior
Aim: a centaur warrior, wielding a +0 shortbow and wearing an amulet of the acrobat (chance to affect: 45%)
The centaur warrior resists with some effort.
The centaur warrior shoots an arrow.
The arrow barely misses you.
The centaur warrior shoots an arrow.
The arrow completely misses you.
Aiming: Ensorcelled Hibernation (safe; 1% risk of failure)
Press: ? - help, Q - select action, (/) - cycle Shift-Dir - straight line, f/p - centaur warrior
Aim: a centaur warrior, wielding a +0 shortbow and wearing an amulet of the acrobat (chance to affect: 45%)
The centaur warrior looks drowsy...
Unknown command.
An ice beast comes into view.
The centaur warrior shouts!
The centaur warrior unwields a +0 shortbow.
The centaur warrior wields a +2 whip of electrocution.
You hear the crackle of electricity.
The centaur warrior hits you with a +2 whip of electrocution!
You die...
Your body crumbles into a pile of gold.

#......# ......# .....#
....# ##### #..######
## #
###...####..#..#.##.#..
#......z.............
#..<..@c$...........
+...$........###.###
#...........##.)#
#..........##$.#.#
#.........##[.#...#
#.........#..#..#..#
#######+#.#.#..#.#..#
#.Y#..#...#..#.
#...#.#..#.#..#.#


You could see a centaur warrior, an ice beast and a wight.

Vanquished Creatures
  A two-headed ogre (D:8)
  Pikel (D:4)
  A deep elf pyromancer (D:8)
  2 rust devils (D:7)
  An efreet (D:8)
  Prince Ribbit (D:5)
  Eustachio (D:6)
  Menkaure (D:6)
  Edmund (D:7)
  2 water moccasins
  Duvessa (D:5)
  An ice beast (D:6)
  2 orc warriors
  2 sky beasts
  2 black bears
  An ogre (D:5)
  A centaur (D:7)
  A phantom (D:6)
  4 lemures (D:4)
  A kobold brigand (D:8)
  7 bullfrogs
  Blork the orc (D:5)
  3 scorpions (D:5)
  5 wights
  Dowan (D:5)
  7 killer bees
  An electric eel (D:6)
  A howler monkey (D:5)
  2 hounds
  Crazy Yiuf (D:2)
  Jessica (D:2)
  Natasha (twice) (D:4)
  An iguana (D:6)
  3 orc wizards
  A gnoll (D:1)
  8 adders
  A white imp (D:8)
  2 dart slugs (D:1)
  11 orcs
  11 endoplasms
  2 giant cockroaches
  5 goblins
  4 hobgoblins
  3 jackals
  3 quokkas
  2 ball pythons
  3 bats (D:1)
  3 frilled lizards
  7 kobolds
  8 rats
138 creatures vanquished.

Vanquished Creatures (collateral kills)
  A wight (D:7)
  A ball python (D:3)
  A jackal (D:3)
3 creatures vanquished.

Vanquished Creatures (others)
  2 dancing weapons (D:7)
  An orc (D:5)
  A fungus (D:2)
4 creatures vanquished.

Grand Total: 145 creatures vanquished

Notes
Turn   | Place    | Note
-------+----------+-------------------------------------------
     0 | D:1      | qeuew the Spriggan Enchanter began the quest for the Orb.
     0 | D:1      | Reached XP level 1. HP: 9/9 MP: 5/5
   177 | D:1      | Reached XP level 2. HP: 13/13 MP: 7/7
   198 | D:1      | Learned a level 2 spell: Ensorcelled Hibernation
   644 | D:1      | Reached XP level 3. HP: 16/16 MP: 5/8
   724 | D:1      | Found a faded altar of an unknown god.
  1244 | D:1      | Identified a scroll of acquirement
  1244 | D:1      | Acquired 1207 gold pieces
  1383 | D:2      | Reached skill level 5 in Stealth
  1552 | D:2      | Learned a level 3 spell: Confusing Touch
  1556 | D:2      | Learned a level 3 spell: Tukima's Dance
  1780 | D:2      | Found a runed translucent door.
  1781 | D:2      | Noticed Crazy Yiuf
  1825 | D:2      | Noticed Jessica
  1832 | D:2      | Killed Jessica
  1833 | D:2      | Reached XP level 4. HP: 10/21 MP: 6/10
  2517 | D:2      | Killed Crazy Yiuf
  2518 | D:2      | Reached XP level 5. HP: 24/24 MP: 6/11
  2745 | D:3      | Found Siky Asku's Antique Weapon Shoppe.
  2759 | D:3      | Bought a runed short sword for 90 gold pieces
  2908 | D:3      | Found an opulent altar of Gozag.
  3000 | D:3      | Became a worshipper of Gozag Ym Sagoz the Greedy
  3389 | D:4      | Noticed a lemure
  3389 | D:4      | Noticed a lemure
  3389 | D:4      | Noticed a lemure
  3390 | D:4      | Noticed Pikel
  3390 | D:4      | Noticed a lemure
  3877 | D:4      | Killed a lemure
  3883 | D:4      | Killed a lemure
  3960 | D:4      | Killed a lemure
  4783 | D:4      | Noticed Natasha
  4786 | D:4      | Reached skill level 6 in Stealth
  4789 | D:4      | Killed Natasha
  4900 | D:4      | Noticed a water moccasin
  4903 | D:4      | Killed a water moccasin
  4904 | D:4      | Reached XP level 6. HP: 28/28 MP: 13/13
  5008 | D:5      | Entered Level 5 of the Dungeon
  5059 | D:5      | Noticed Prince Ribbit
  5066 | D:5      | Reached skill level 5 in Hexes
  5123 | D:4      | Noticed Natasha
  5132 | D:4      | Killed Natasha
  5198 | D:5      | Killed Prince Ribbit
  5199 | D:5      | Reached skill level 5 in Dodging
  5199 | D:5      | Reached skill level 7 in Stealth
  5199 | D:5      | Reached XP level 7. HP: 8/32 MP: 11/15
  5464 | D:5      | Reached skill level 5 in Spellcasting
  5698 | D:5      | Reached XP level 8. HP: 21/36 MP: 2/17
  5708 | D:5      | Reached skill level 8 in Stealth
  5966 | D:5      | Noticed Duvessa
  5966 | D:5      | Noticed Dowan
  5972 | D:5      | Killed Duvessa
  5974 | D:5      | Killed Dowan
  6051 | D:5      | Noticed Blork the orc
  6057 | D:5      | Killed Blork the orc
  6058 | D:5      | Reached skill level 5 in Short Blades
  6135 | D:5      | Gained mutation: You occasionally shout uncontrollably at
                  | your foes. [potion of mutation]
  6168 | D:6      | Found a staircase to the Ecumenical Temple.
  6181 | D:6      | Noticed Eustachio
  6192 | D:6      | Noticed Menkaure
  6227 | D:5      | Bought a potion of curing for 39 gold pieces
  6229 | D:5      | Bought a potion of might for 56 gold pieces
  6229 | D:5      | Bought 2 potions of degeneration for 28 gold pieces
  6295 | D:6      | Killed Menkaure
  6507 | D:6      | Found a sparkling altar of Nemelex Xobeh.
  6538 | D:6      | Killed Eustachio
  6543 | D:6      | Reached skill level 9 in Stealth
  6708 | D:6      | Found a shadowy altar of Dithmenos.
  6761 | D:6      | Found a glowing silver altar of Zin.
  6890 | D:6      | Reached XP level 9. HP: 33/39 MP: 16/20
  7255 | D:4      | Killed Pikel
  7434 | D:7      | Reached skill level 10 in Stealth
  7662 | D:7      | Identified the ring of the Morning {Fly rElec rPois rC+}
  8272 | D:7      | Found a hazy altar of Hepliaklqana.
  8332 | D:7      | Found a blossoming altar of Fedhas.
  8332 | D:7      | Found an ancient bone altar of Kikubaaqudgha.
  8562 | D:6      | Noticed a rust devil
  8562 | D:6      | Noticed a rust devil
  8562 | D:6      | Noticed Edmund
  8572 | D:7      | Killed Edmund
  9014 | D:7      | Killed a rust devil
  9015 | D:7      | Reached skill level 11 in Stealth
  9015 | D:7      | Reached XP level 10. HP: 44/44 MP: 19/23
  9023 | D:7      | Killed a rust devil
  9123 | D:7      | Found a glowing golden altar of the Shining One.
  9666 | D:8      | Noticed a centaur warrior
  9982 | D:8      | Noticed a two-headed ogre
  9999 | D:8      | Killed a two-headed ogre
 10088 | D:8      | Noticed a deep elf pyromancer
 10166 | D:8      | Killed a deep elf pyromancer
 10390 | D:8      | Slain by a centaur warrior

Illustrated notes

Levels and vault maps discovered:
D:1:      matt_arrival_grand_opening, layout_loops_ring,
          shapermc_ecumenical_altar_totnotflames
D:2:      layout_loops_cross, uniq_jessica, uniq_crazy_yiuf_cottage
D:3:      layout_basic, lemuel_coloured_pillars_altar, serial_shops,
          nicolae_shop_waterfront, chequers_serial_rivers_micro_a
D:4:      layout_gridville, uniq_natasha, uniq_pikel
D:5:      layout_gridville, uniq_prince_ribbit1, uniq_duvessa,
          uniq_blork_the_orc
D:6:      cheibrodos_iron_armory, layout_rooms,
          nemelex_xobeh_ov_fountains_minmay, nicolae_overflow_squiral,
          minmay_temple_entry_wispy, minmay_misc_feat_nine_boxes,
          uniq_eustachio, uniq_edmund, uniq_menkaure
D:7:      layout_basic, grunt_temple_overflow_growth_and_decay,
          mainiacjoe_overflow_swirl, nicolae_concentric_dashed_squares_mild
D:8:      minmay_the_grid_octo_tiled_octocenter [minmay_the_grid_octo_chip,
          minmay_the_grid_octo_vomiting_pacman,
          minmay_the_grid_octo_thin_diamonds, minmay_the_grid_octo_odd_swirl,
          minmay_the_grid_octo_prize_star, minmay_the_grid_square_5x5_lines,
          minmay_the_grid_square_5x5_inset,
          minmay_the_grid_square_5x5_three_small,
          minmay_the_grid_square_5x5_tri_point], layout_gridville

Skill      XL: |  1  2  3  4  5  6  7  8  9 10 |
---------------+-------------------------------+-----
Dodging        | 3 4 5 6 7 8 9 |  9.7
Spellcasting   | 3 4 5 6 8 9 |  9.0
Hexes          | 4 5 6 7 8 9 |  9.3
Stealth        | 5 6 7 9 11 | 11.9
Short Blades   | 2 3 4 5 7 |  7.9

Action                   |  1- 3 |  4- 6 |  7- 9 | 10-12 || total
-------------------------+-------+-------+-------+-------++-------
Melee: Dagger            |    83 |    56 |   142 |    99 ||   380
       Short sword       |       |    32 |       |       ||    32
       Punch             |       |       |     1 |       ||     1
 Cast: Ensorcelled Hiber |    22 |    45 |    64 |    39 ||   170
       Confusing Touch   |       |       |    10 |     4 ||    14
       Tukima's Dance    |       |       |     5 |       ||     5
Invok: Call Merchant     |       |       |     2 |       ||     2
       Potion Petition   |       |       |       |     1 ||     1
  Use: Scroll            |     5 |     6 |     4 |       ||    15
       Potion            |     4 |     4 |     5 |     1 ||    14
 Stab: Sleeping          |    23 |    27 |    34 |    10 ||    94
       Invisible         |       |       |     3 |       ||     3
       Confused          |       |       |     8 |     3 ||    11
       Distracted        |       |       |       |     1 ||     1
Armor: Robe              |    10 |     2 |     9 |     3 ||    24
Dodge: Dodged            |    48 |    78 |   181 |   116 ||   423
